[Event "Australian-ch 2018"]
[Site "Sydney"]
[Date "2018.01.06"]
[Round "6"]
[White "Zhang, Jilin"]
[Black "Brown, Andrew"]
[Result "0-1"]
[ECO "C45"]
[WhiteElo "2267"]
[BlackElo "2293"]
[Annotator "ChessBase"]
[PlyCount "90"]
[EventDate "2018.01.02"]
[EventType "tourn"]
[EventCountry "AUS"]
[SourceTitle "playchess.com"]
[Source "ChessBase"]
[SourceQuality "1"]
[TimeControl "40/5400+30:1800+30"]

1. e4 e5 2. Nf3 Nc6 3. d4 exd4 4. Nxd4 Bc5 5. Be3 Qf6 6. c3 Nge7 7. g3 h5 8. h3 d5 9. Bg2 Bxd4 10. cxd4 dxe4 11. Nc3 Bf5 12. Nxe4 Bxe4 13. Bxe4 O-O-O 14. Qa4 Nd5 15. O-O-O Rhe8 16. Bc2 Nxe3 17. fxe3 Qg5 18. Kb1 Rxe3 19. Rhf1 Rxg3 20. Be4 Kb8 21. Rf5 Qg6 22. d5 Qd6 23. Rxh5 Ne5 24. Qd4 f6 25. Qf2 Nc4 26. Bc2 Qb6 27. Qxb6 axb6 28. h4 Ne3 29. Re1 Rxd5 30. Rh8+ Ka7 31. Be4 Rd4 32. Re8 Nc4 33. Re7 Nd2+ 34. Kc2 Nxe4 35. R1xe4 Rxe4 36. Rxe4 b5 37. Re7 Kb6 38. h5 Kc6 39. Rf7 Rh3 40. Rxg7 Rxh5 41. Rf7 Rf5 42. Kc3 Rf3+ 43. Kc2 b4 44. Rf8 Kb5 45. Rf7 Kb6 0-1

[Event "Australian-ch 2018"]
[Site "Sydney"]
[Date "2018.01.06"]
[Round "6"]
[White "Loh, Zachary"]
[Black "Guichard, Pauline"]
[Result "0-1"]
[ECO "A00"]
[WhiteElo "2193"]
[BlackElo "2269"]
[Annotator "ChessBase"]
[PlyCount "92"]
[EventDate "2018.01.02"]
[EventType "tourn"]
[EventCountry "AUS"]
[SourceTitle "playchess.com"]
[Source "ChessBase"]
[SourceQuality "1"]
[TimeControl "40/5400+30:1800+30"]

1. e4 e5 2. Nf3 Nc6 3. d4 exd4 4. Nxd4 g6 5. Be3 Bg7 6. Nc3 Nf6 7. Nxc6 bxc6 8. e5 Ng8 9. f4 Ne7 10. Bc4 d5 11. exd6 cxd6 12. Bd4 O-O 13. Bxg7 Kxg7 14. Qd4+ f6 15. O-O-O d5 16. Bb3 Nf5 17. Qd2 Nd6 18. h3 Bf5 19. g4 Ne4 20. Qe3 Nxc3 21. Qxc3 Be4 22. Rhe1 Qc7 23. Rf1 Rad8 24. g5 Kg8 25. Rde1 f5 26. h4 c5 27. a3 c4 28. Ba2 Rb8 29. h5 gxh5 30. b3 Qc5 31. b4 Qc7 32. Qd4 Rfd8 33. c3 a5 34. Rxe4 fxe4 35. f5 Qb6 36. Qe5 Qe3+ 37. Kb2 Qe2+ 38. Ka1 Qxf1+ 39. Bb1 Rb6 40. Qe7 Rf8 41. Qc5 Qxf5 42. Qxb6 Qxg5 43. b5 Qf6 44. Qe3 Kh8 45. Bc2 Rb8 46. Qh3 Qf3 0-1

[Event "Australian-ch 2018"]
[Site "Sydney"]
[Date "2018.01.06"]
[Round "6"]
[White "Reilly, Tim"]
[Black "O'Connell, Kevin J"]
[Result "1/2-1/2"]
[ECO "A00"]
[WhiteElo "2169"]
[BlackElo "2328"]
[Annotator "ChessBase"]
[PlyCount "54"]
[EventDate "2018.01.02"]
[EventType "tourn"]
[EventCountry "AUS"]
[SourceTitle "playchess.com"]
[Source "ChessBase"]
[SourceQuality "1"]
[TimeControl "40/5400+30:1800+30"]

1. d4 Nf6 2. c4 g6 3. Nc3 Bg7 4. e4 O-O 5. Be3 d6 6. f3 Nc6 7. Nge2 a6 8. Qd2 Rb8 9. h4 h5 10. O-O-O b5 11. Bh6 bxc4 12. g4 Kh7 13. Bxg7 Kxg7 14. Ng3 Rh8 15. Bxc4 e5 16. g5 Nd7 17. dxe5 Ndxe5 18. Be2 Rb4 19. Nd5 Ra4 20. Kb1 Be6 21. f4 Bxd5 22. exd5 Nd4 23. Qc3 Nxe2 24. Nxe2 Rc4 25. Qb3 Re4 26. Qc3 Rc4 27. Qb3 Re4 1/2-1/2

[Event "Australian-ch 2018"]
[Site "Sydney"]
[Date "2018.01.06"]
[Round "6"]
[White "McNamara, Gary"]
[Black "Willathgamuwa, Rowan"]
[Result "1/2-1/2"]
[ECO "A00"]
[WhiteElo "2134"]
[BlackElo "1980"]
[Annotator "ChessBase"]
[PlyCount "108"]
[EventDate "2018.01.02"]
[EventType "tourn"]
[EventCountry "AUS"]
[SourceTitle "playchess.com"]
[Source "ChessBase"]
[SourceQuality "1"]
[TimeControl "40/5400+30:1800+30"]

1. d4 d5 2. c4 c6 3. Nc3 Nf6 4. cxd5 cxd5 5. Bf4 e6 6. e3 Nc6 7. Bd3 Bd6 8. Bxd6 Qxd6 9. f4 O-O 10. Nf3 Nb4 11. Bb1 b6 12. a3 Nc6 13. b4 Bb7 14. O-O Rac8 15. Qd2 Ne7 16. Ne5 Ne4 17. Nxe4 dxe4 18. Ba2 Bd5 19. Rfc1 f6 20. Nc4 Qd7 21. Kf2 Rc7 22. Rc2 Rfc8 23. Rac1 Qa4 24. Rc3 Qc6 25. b5 Qd7 26. a4 Kf7 27. R1c2 Bxc4 28. Bxc4 Nd5 29. f5 Ke7 30. fxe6 Qxe6 31. Bxd5 Rxc3 32. Rxc3 Qxd5 33. Rxc8 Qf5+ 34. Kg3 Qxc8 35. Qb4+ Ke6 36. d5+ Kxd5 37. Qd4+ Ke6 38. Qxe4+ Kf7 39. Qxh7 Qc7+ 40. Kf3 Qc4 41. Qe4 Qf1+ 42. Kg4 Qd1+ 43. Kh3 Qe1 44. Qb7+ Kg6 45. Qe4+ Kf7 46. Qc4+ Kg6 47. Qg4+ Kf7 48. Qe4 g5 49. Qh7+ Ke6 50. Qe4+ Kf7 51. Qh7+ Ke6 52. Qe4+ Kf7 53. Kg4 Qd1+ 54. Kh3 Qe1 1/2-1/2

[Event "Australian-ch 2018"]
[Site "Sydney"]
[Date "2018.01.06"]
[Round "6"]
[White "Wright, Neil S"]
[Black "Hardegen, Andrew"]
[Result "0-1"]
[ECO "A00"]
[WhiteElo "2126"]
[BlackElo "1999"]
[Annotator "ChessBase"]
[PlyCount "86"]
[EventDate "2018.01.02"]
[EventType "tourn"]
[EventCountry "AUS"]
[SourceTitle "playchess.com"]
[Source "ChessBase"]
[SourceQuality "1"]
[TimeControl "40/5400+30:1800+30"]

1. e4 e6 2. d4 d5 3. Nd2 c5 4. exd5 exd5 5. Ngf3 Nf6 6. Bb5+ Bd7 7. Bxd7+ Nbxd7 8. O-O Be7 9. Re1 O-O 10. dxc5 Nxc5 11. Nb3 Nce4 12. Be3 a6 13. c3 Qd7 14. Nc1 Rfe8 15. Nd3 Bd6 16. Bf4 Bxf4 17. Nxf4 Qd6 18. Nd3 Rac8 19. Qb3 Ng4 20. h3 Nd2 21. hxg4 Nxb3 22. axb3 Re4 23. Nd4 Rce8 24. Rad1 Rxe1+ 25. Nxe1 Qf4 26. Ndf3 g6 27. g5 Re2 28. Kf1 Qe4 29. Nd3 Qe7 30. Nf4 Rxb2 31. Kg1 Kg7 32. Re1 Qd6 33. g3 Qb6 34. Nd4 h6 35. Nxd5 Qa5 36. Re5 Qa1+ 37. Kg2 Qa2 38. gxh6+ Kxh6 39. Ne3 Rxf2+ 40. Kg1 f5 41. g4 Rf4 42. Ne2 Re4 43. g5+ Kxg5 0-1

[Event "Australian-ch 2018"]
[Site "Sydney"]
[Date "2018.01.06"]
[Round "6"]
[White "Willathgamuwa, Kevin"]
[Black "Ferozkohi, Ihsan"]
[Result "0-1"]
[ECO "A00"]
[WhiteElo "2113"]
[BlackElo "2130"]
[Annotator "ChessBase"]
[PlyCount "156"]
[EventDate "2018.01.02"]
[EventType "tourn"]
[EventCountry "AUS"]
[SourceTitle "playchess.com"]
[Source "ChessBase"]
[SourceQuality "1"]
[TimeControl "40/5400+30:1800+30"]

1. e4 d5 2. exd5 Qxd5 3. Nc3 Qd6 4. d4 Nf6 5. Bd3 Nc6 6. Nge2 Bg4 7. f3 Bh5 8. Bf4 Qd7 9. Qd2 O-O-O 10. O-O-O e6 11. a3 Nxd4 12. Nxd4 Qxd4 13. Bxc7 Rd7 14. Nb5 Qc5 15. Bg3 a6 16. Qf4 Kd8 17. b4 Qc8 18. Na7 Qa8 19. Bf2 Bd6 20. Bb6+ Ke7 21. Qc4 Nd5 22. Bc5 b6 23. Bxd6+ Rxd6 24. Be4 Qxa7 25. Bxd5 Bg6 26. Be4 b5 27. Qc3 Rhd8 28. Rxd6 Rxd6 29. Bxg6 hxg6 30. Qxg7 Qe3+ 31. Kb2 Rd2 32. Qh8 e5 33. Qc8 Qd4+ 34. Kb1 Rxg2 35. Qxa6 Qc4 36. Rc1 Rxh2 37. Qb7+ Kf6 38. Qb6+ Kg7 39. Qc5 Qxc5 40. bxc5 Rh4 41. c4 bxc4 42. c6 Kf6 43. c7 Rh8 44. Rxc4 Rc8 45. Kc2 Ke6 46. Kd3 Kd6 47. Ra4 Rxc7 48. Ra6+ Rc6 49. Ra7 Ke6 50. a4 f6 51. Rb7 Kf5 52. Rb4 Rc1 53. Rg4 g5 54. Ke3 Ra1 55. Rb4 Ra3+ 56. Ke2 Ra2+ 57. Kd3 Ra1 58. Ke2 Kg6 59. Ke3 Rc1 60. Kd2 Rc6 61. a5 Kf5 62. Ke3 Rc3+ 63. Kf2 Ra3 64. Rb5 Ra4 65. Kg3 g4 66. fxg4+ Rxg4+ 67. Kf3 Ra4 68. Ke3 Ra3+ 69. Ke2 Kf4 70. Rb6 f5 71. a6 e4 72. Rh6 Ra2+ 73. Ke1 Ke5 74. Rb6 Kf4 75. Rh6 Kg4 76. Kf1 f4 77. Ke1 e3 78. Kf1 f3 0-1

[Event "Australian-ch 2018"]
[Site "Sydney"]
[Date "2018.01.06"]
[Round "6"]
[White "Winkelman, Albert"]
[Black "Yang, Ray"]
[Result "1/2-1/2"]
[ECO "A00"]
[WhiteElo "2017"]
[BlackElo "2003"]
[Annotator "NA"]
[PlyCount "158"]
[EventDate "2018.01.02"]
[EventType "tourn"]
[EventCountry "AUS"]
[SourceTitle "playchess.com"]
[Source "ChessBase"]
[SourceQuality "1"]
[TimeControl "40/5400+30:1800+30"]

1. e4 e6 2. d4 d5 3. Nd2 Nf6 4. e5 Nfd7 5. Bd3 c5 6. c3 Nc6 7. Ne2 cxd4 8. cxd4 f6 9. exf6 Nxf6 10. Nf3 Bd6 11. O-O Qc7 12. Bg5 O-O 13. Bh4 Nh5 14. Qc2 h6 15. Bh7+ Kh8 16. Bg6 Rxf3 17. Bxh5 Rf8 18. Bg3 Bd7 19. Rfe1 Rac8 20. Rac1 Bxg3 21. hxg3 Qd6 22. Qd2 Ne7 23. Nf4 Rxc1 24. Rxc1 g5 25. Nd3 Be8 26. Qe2 Kg7 27. Ne5 Bxh5 28. Qxh5 Rf6 29. f4 gxf4 30. gxf4 Qb6 31. Kh1 Rxf4 32. Rc3 Qxd4 33. Rg3+ Kh7 34. Nf3 Qf6 35. Ng5+ Kh8 36. Qe8+ Qf8 37. Qxf8+ Rxf8 38. Nxe6 Rf6 39. Nd4 Rf1+ 40. Kh2 Nf5 41. Nxf5 Rxf5 42. Rg6 Kh7 43. Rd6 b6 44. Kg3 Kg7 45. Rd7+ Kf6 46. Rxa7 Ke5 47. Re7+ Kd6 48. Re3 Kc5 49. Rf3 Re5 50. Kf2 d4 51. g4 Re6 52. a3 Kd5 53. a4 Ke4 54. b4 Rc6 55. Rh3 Kd5 56. Ke2 Kc4 57. b5 Re6+ 58. Kd2 Kb4 59. Rh5 Rg6 60. Kd3 Kxa4 61. Kxd4 Rxg4+ 62. Kc3 Rg6 63. Kc4 Ka5 64. Kb3 Rg5 65. Rxh6 Kxb5 66. Rh4 Rg3+ 67. Kb2 Ka5 68. Re4 b5 69. Rh4 Rd3 70. Rg4 Kb6 71. Kc2 Rh3 72. Kb2 Kc5 73. Rg5+ Kb4 74. Rg4+ Ka5 75. Rf4 Rd3 76. Kc2 Ra3 77. Kb2 Rg3 78. Rh4 b4 79. Rh8 Kb5 1/2-1/2

[Event "Australian-ch 2018"]
[Site "Sydney"]
[Date "2018.01.06"]
[Round "6"]
[White "Leaver, Kyle"]
[Black "Kethro, Michael"]
[Result "1/2-1/2"]
[ECO "A00"]
[WhiteElo "1973"]
[BlackElo "2195"]
[Annotator "ChessBase"]
[PlyCount "124"]
[EventDate "2018.01.02"]
[EventType "tourn"]
[EventCountry "AUS"]
[SourceTitle "playchess.com"]
[Source "ChessBase"]
[SourceQuality "1"]
[TimeControl "40/5400+30:1800+30"]

1. d4 d5 2. c4 c6 3. Nf3 Nf6 4. Nc3 dxc4 5. a4 e6 6. e3 c5 7. Bxc4 Nc6 8. O-O cxd4 9. exd4 Be7 10. Re1 O-O 11. Bb3 Nb4 12. Ne5 b6 13. Bg5 Bb7 14. Qe2 Nfd5 15. Bd2 Bg5 16. Bxg5 Qxg5 17. Ne4 Qd8 18. g3 Rc8 19. Qh5 h6 20. Nc4 Rxc4 21. Bxc4 Nc2 22. Qe5 Nxa1 23. Rxa1 Nb4 24. Nd6 Bf3 25. Nxf7 Rxf7 26. Bxe6 Bd5 27. Bxf7+ Bxf7 28. Rd1 Qa8 29. Qf5 Qc6 30. a5 bxa5 31. Re1 Bd5 32. h4 a4 33. Kh2 Bf7 34. Re7 Qd5 35. Qxd5 Bxd5 36. Rxa7 Nd3 37. Rxa4 Nxb2 38. Ra5 Bf3 39. Rf5 Be4 40. Re5 Bf3 41. Rc5 Bg4 42. Rc2 Nd3 43. d5 Ne5 44. Rc3 Kf7 45. Kg2 h5 46. f3 Bf5 47. Kf2 Ke7 48. Ke3 g6 49. Kd4 Nd7 50. Rc6 Kf7 51. Rc3 Kf6 52. Re3 Bh3 53. d6 Be6 54. Re4 Kf7 55. Re1 Kf6 56. Ra1 Ne5 57. Ra3 Nd7 58. Ra8 Bh3 59. Re8 Be6 60. Re7 Ne5 61. Ke4 Nf7 62. Ra7 Nxd6+ 1/2-1/2

[Event "Australian-ch 2018"]
[Site "Sydney"]
[Date "2018.01.06"]
[Round "6"]
[White "Silver, Dmitri"]
[Black "Parle, Hughston"]
[Result "0-1"]
[ECO "A00"]
[WhiteElo "1905"]
[BlackElo "1961"]
[Annotator "NA"]
[PlyCount "70"]
[EventDate "2018.01.02"]
[EventType "tourn"]
[EventCountry "AUS"]
[SourceTitle "playchess.com"]
[Source "ChessBase"]
[SourceQuality "1"]
[TimeControl "40/5400+30:1800+30"]

1. e4 c5 2. Nf3 d6 3. d4 cxd4 4. Nxd4 Nf6 5. Nc3 a6 6. Bg5 e6 7. Qe2 Qc7 8. f4 b5 9. a3 Nbd7 10. O-O-O Be7 11. g4 h6 12. Bh4 g5 13. fxg5 hxg5 14. Bxg5 Rb8 15. Bg2 Ne5 16. h3 b4 17. axb4 Rxb4 18. Rhf1 Nd5 19. Nxd5 Bxg5+ 20. Nf4 Ng6 21. Kb1 Nxf4 22. Qd2 Rxd4 23. Qxd4 e5 24. Qf2 Be6 25. Rh1 Bh4 26. Qd2 Ke7 27. Bf1 Bg5 28. Qb4 Bxg4 29. Re1 Be6 30. Rg1 Rb8 31. Qa3 Bh4 32. Re3 Bf2 33. Rc3 Qb6 34. Rgg3 Bxg3 35. Rxg3 Qf2 0-1

[Event "Australian-ch 2018"]
[Site "Sydney"]
[Date "2018.01.08"]
[Round "7.3"]
[White "Brown, Andrew"]
[Black "Dale, Ari"]
[Result "0-1"]
[ECO "E97"]
[WhiteElo "2293"]
[BlackElo "2356"]
[PlyCount "136"]
[EventDate "2018.01.02"]
[EventType "tourn"]
[EventCountry "AUS"]
[TimeControl "40/5400+30:1800+30"]

1. Nf3 Nf6 2. c4 g6 3. Nc3 Bg7 4. e4 d6 5. d4 O-O 6. Be2 e5 7. O-O Nc6 8. d5 Ne7 9. b4 Nh5 10. Re1 f5 11. Qb3 h6 12. c5 fxe4 13. Nd2 e3 14. fxe3 e4 15. Ndxe4 Nf5 16. g3 Be5 17. Qc2 Nhxg3 18. hxg3 Nxg3 19. Nxg3 Bf5 20. Nxf5 Rxf5 21. Bg4 Rg5 22. Re2 Rxg4+ 23. Rg2 Qh4 24. Rxg4 Qxg4+ 25. Qg2 Qxg2+ 26. Kxg2 Bxc3 27. Rb1 Rf8 28. Ba3 Rf5 29. Rd1 Kg7 30. b5 Be5 31. b6 axb6 32. cxb6 cxb6 33. Rb1 Rf7 34. Rxb6 Rd7 35. Kf3 g5 36. Ke4 Kg6 37. Bb2 Bxb2 38. Rxb2 h5 39. Kd4 h4 40. e4 h3 41. e5 dxe5+ 42. Kxe5 Re7+ 43. Kd4 Rh7 44. Rb1 g4 45. Ke3 Rf7 46. d6 Kg5 47. Rh1 Kh4 48. Rd1 Rd7 49. Kf2 g3+ 50. Kg1 b5 51. a3 Kg4 52. Rd4+ Kf5 53. Rd3 h2+ 54. Kh1 Rg7 55. Rd1 Ke6 56. Kg2 Kd7 57. Kh1 Rg6 58. Kg2 Rxd6 59. Rb1 Rh6 60. Rh1 Rg6 61. Rc1 Kd6 62. Rd1+ Kc5 63. Rc1+ Kb6 64. Rb1 Ka5 65. Ra1 Ka4 66. Rb1 Rh6 67. Rh1 Kxa3 68. Kxg3 b4 0-1

[Event "Australian-ch 2018"]
[Site "Sydney"]
[Date "2018.01.08"]
[Round "7.6"]
[White "Guichard, Pauline"]
[Black "Solomon, Stephen J"]
[Result "0-1"]
[ECO "A07"]
[WhiteElo "2269"]
[BlackElo "2365"]
[PlyCount "100"]
[EventDate "2018.01.02"]
[EventType "tourn"]
[EventCountry "AUS"]
[TimeControl "40/5400+30:1800+30"]

1. Nf3 Nf6 2. g3 d5 3. Bg2 c6 4. O-O Bg4 5. d3 Nbd7 6. Qe1 e5 7. e4 dxe4 8. dxe4 Bc5 9. Nbd2 O-O 10. h3 Bh5 11. a4 a5 12. Nc4 Re8 13. Bd2 b6 14. Nh4 Qc7 15. Bg5 Rad8 16. Nf5 h6 17. Bh4 Kh7 18. g4 Bg6 19. Kh1 h5 20. Bf3 hxg4 21. hxg4 Rh8 22. Kg2 Bxf5 23. gxf5 g6 24. Rh1 Kg7 25. Qd2 Rdg8 26. Bg3 Rxh1 27. Rxh1 Kf8 28. Qg5 Ke7 29. Rh6 b5 30. Nd2 gxf5 31. Qxf5 Qd6 32. Nb3 Bb6 33. Kh3 bxa4 34. Nc1 Qe6 35. Bh4 Rg6 36. Rh8 Kd6 37. Nd3 Nc5 38. Rb8 Nxd3 39. cxd3 Bd4 40. Rb7 Rh6 41. Qxe6+ fxe6 42. Rf7 Bxf2 43. Rxf6 Rxh4+ 44. Kg2 Bd4 45. Kg3 Rf4 46. Rh6 Rxf3+ 47. Kxf3 Bxb2 48. d4 a3 49. dxe5+ Kc5 50. Rh2 a2 0-1

[Event "Australian-ch 2018"]
[Site "Sydney"]
[Date "2018.01.08"]
[Round "7.7"]
[White "Xie, George Wendi"]
[Black "Nakauchi, Gene"]
[Result "1-0"]
[ECO "B43"]
[WhiteElo "2369"]
[BlackElo "2208"]
[PlyCount "117"]
[EventDate "2018.01.02"]
[EventType "tourn"]
[EventCountry "AUS"]
[TimeControl "40/5400+30:1800+30"]

1. e4 c5 2. Nf3 e6 3. Nc3 a6 4. g3 b5 5. d4 cxd4 6. Nxd4 b4 7. Na4 Bb7 8. Bg2 Nf6 9. O-O Bxe4 10. Bxe4 Nxe4 11. Re1 Nc5 12. Qf3 Ra7 13. Be3 Rc7 14. Nb6 Be7 15. a3 bxa3 16. b4 Nb7 17. Bf4 d6 18. Rxe6 O-O 19. Nd5 fxe6 20. Nxe6 Qd7 21. Nxf8 Bxf8 22. Nxc7 Qxc7 23. Rxa3 Nd8 24. Qd5+ Qf7 25. c4 Ndc6 26. Qxf7+ Kxf7 27. b5 axb5 28. cxb5 Nd4 29. Be3 Nc2 30. Ra8 Nxe3 31. Rxb8 Nc4 32. b6 Nxb6 33. Rxb6 Ke6 34. Kg2 Be7 35. Kf3 Kd5 36. Rb5+ Kd4 37. h4 d5 38. h5 h6 39. Ke2 Bf6 40. Rb7 Ke4 41. Rb4+ Kf5 42. Rb5 Ke4 43. Ra5 Kd4 44. Ra4+ Kc3 45. Ke3 Be7 46. f4 d4+ 47. Ke2 Bc5 48. Kd1 Kd3 49. Ra5 Be7 50. Re5 Bf6 51. g4 Kc4 52. Rf5 Bh4 53. Rf7 Bg3 54. g5 hxg5 55. fxg5 Be5 56. h6 g6 57. Rg7 d3 58. Rxg6 Kd5 59. h7 1-0

[Event "Australian-ch 2018"]
[Site "Sydney"]
[Date "2018.01.08"]
[Round "7.8"]
[White "Parle, Hughston"]
[Black "Puccini, Jack"]
[Result "0-1"]
[ECO "E90"]
[WhiteElo "1961"]
[BlackElo "2278"]
[PlyCount "146"]
[EventDate "2018.01.02"]
[EventType "tourn"]
[EventCountry "AUS"]
[TimeControl "40/5400+30:1800+30"]

1. d4 Nf6 2. c4 g6 3. Nc3 Bg7 4. e4 d6 5. Be2 O-O 6. Be3 c5 7. Nf3 Ng4 8. Bg5 cxd4 9. Nxd4 Qb6 10. Bxg4 Bxg4 11. Qxg4 Qxb2 12. O-O Qxc3 13. Bxe7 Qxd4 14. Bxf8 Bxf8 15. Qc8 Qc5 16. Qxb7 Qc6 17. Rab1 Qxb7 18. Rxb7 Nc6 19. Rc7 Nd4 20. Rb1 Ne6 21. Rcb7 a6 22. Rb8 Ra7 23. Rc8 Kg7 24. g3 Nc5 25. f3 Be7 26. Rb6 Rd7 27. Kf2 Bd8 28. Rb1 Bf6 29. Rd1 Ne6 30. Rc6 Bd4+ 31. Kg2 Rb7 32. Rd2 Be3 33. Rd3 Rb2+ 34. Kf1 Rb1+ 35. Ke2 Nd4+ 36. Kxe3 Nxc6 37. Rxd6 Nb4 38. c5 Rc1 39. Rb6 a5 40. Rb5 Nxa2 41. Rxa5 Nb4 42. Rb5 Rc4 43. h4 Nc6 44. Kd3 Ne5+ 45. Ke3 Nd7 46. h5 Nxc5 47. hxg6 hxg6 48. Rb8 Ne6 49. Rb3 Kf6 50. Rd3 Nc5 51. Rd6+ Ne6 52. Rd3 Rb4 53. Ra3 Nc5 54. Kf4 Rb3 55. e5+ Ke6 56. Ra5 Rc3 57. Rb5 Rc4+ 58. Kg5 Kxe5 59. g4 Ke6 60. f4 Ke7 61. f5 Ne4+ 62. Kh6 gxf5 63. Rxf5 Nf6 64. Re5+ Kf8 65. Ra5 Rxg4 66. Ra8+ Ne8 67. Kh5 Rg6 68. Rb8 Ke7 69. Rb7+ Ke6 70. Rb6+ Nd6 71. Ra6 Rg1 72. Ra2 f5 73. Re2+ Ne4 0-1

[Event "Australian-ch 2018"]
[Site "Sydney"]
[Date "2018.01.08"]
[Round "7.9"]
[White "Kargosha, Bahman"]
[Black "Leaver, Kyle"]
[Result "1/2-1/2"]
[WhiteElo "2210"]
[BlackElo "1973"]
[PlyCount "74"]
[EventDate "2018.01.02"]
[EventType "tourn"]
[EventCountry "AUS"]
[TimeControl "40/5400+30:1800+30"]
[WhiteClock "1:30:30"]
[BlackClock "1:30:30"]

1. d4 Nf6 2. c4 g6 3. Nc3 d5 4. cxd5 Nxd5 5. e4 Nxc3 6. bxc3 Bg7 7. Qa4+ Nd7 8. Nf3 O-O 9. Be2 c5 10. O-O cxd4 11. cxd4 Nc5 12. dxc5 Bxa1 13. e5 Bc3 14. Bh6 Qa5 15. Qf4 Qb4 16. Bc4 Be6 17. Bxf8 Rxf8 18. Qh6 Bd2 19. Nxd2 Bxc4 20. Ne4 f6 21. exf6 exf6 22. Rd1 Bd5 23. Ng3 Qxc5 24. h4 Bc6 25. Qf4 Qe5 26. Qc4+ Kg7 27. h5 Re8 28. Qc1 gxh5 29. Qc4 Qg5 30. Rd4 Re5 31. Rh4 Qg6 32. Kh2 Qf7 33. Qf4 Qg6 34. Qd4 Qg5 35. Nxh5+ Qxh5 36. Rxh5 Rxh5+ 37. Kg1 Ra5 1/2-1/2

[Event "Australian-ch 2018"]
[Site "Sydney"]
[Date "2018.01.08"]
[Round "7.10"]
[White "Kethro, Michael"]
[Black "Huynh, Arthur"]
[Result "1/2-1/2"]
[WhiteElo "2195"]
[BlackElo "2042"]
[PlyCount "118"]
[EventDate "2018.01.02"]
[EventType "tourn"]
[EventCountry "AUS"]
[TimeControl "40/5400+30:1800+30"]
[WhiteClock "1:30:30"]
[BlackClock "1:30:30"]

1. Nf3 d5 2. c4 e6 3. b3 Nf6 4. Bb2 Be7 5. g3 b6 6. Bg2 Bb7 7. O-O dxc4 8. bxc4 c5 9. e3 O-O 10. Nc3 Nc6 11. Qe2 Rc8 12. Rad1 Qc7 13. d3 Rfd8 14. Ng5 Rd7 15. f4 Rcd8 16. a3 Na5 17. g4 Bxg2 18. Kxg2 Qb7+ 19. Kg1 a6 20. Rf3 b5 21. cxb5 axb5 22. Nxf7 Kxf7 23. g5 Rxd3 24. gxf6 Rxd1+ 25. Nxd1 Bxf6 26. Bxf6 Kxf6 27. Rg3 g6 28. Qg4 Qd7 29. Nf2 Kg7 30. Qg5 Rf8 31. Qxc5 Nc4 32. Qb4 Qd2 33. Qe7+ Rf7 34. Qxe6 Qc1+ 35. Kg2 Qxa3 36. f5 Qd6 37. Qxd6 Nxd6 38. e4 Re7 39. Rb3 gxf5 40. exf5 Kf6 41. Nd1 Kxf5 42. Rd3 Ke6 43. Nc3 Rb7 44. Na2 Ra7 45. Nb4 Nc4 46. h4 Rd7 47. Rxd7 Kxd7 48. Kg3 Ke6 49. Kf4 Kf6 50. Kg4 Kg6 51. Nd5 Ne5+ 52. Kf4 Nc6 53. Kg4 h5+ 54. Kf4 b4 55. Ke4 b3 56. Nf4+ Kh6 57. Kd3 Nd4 58. Kc3 Nf5 59. Kxb3 Nxh4 1/2-1/2

[Event "Australian-ch 2018"]
[Site "Sydney"]
[Date "2018.01.08"]
[Round "7.11"]
[White "Ferozkohi, Ihsan"]
[Black "Zhang, Jilin"]
[Result "0-1"]
[WhiteElo "2130"]
[BlackElo "2267"]
[PlyCount "102"]
[EventDate "2018.01.02"]
[EventType "tourn"]
[EventCountry "AUS"]
[TimeControl "40/5400+30:1800+30"]
[WhiteClock "1:30:30"]
[BlackClock "1:30:30"]

1. Nf3 Nf6 2. g3 d5 3. d4 c6 4. Bg2 h6 5. Nbd2 Bf5 6. O-O e6 7. c4 Be7 8. b3 O-O 9. Bb2 Nbd7 10. Ne5 Nxe5 11. dxe5 Ne4 12. Nxe4 dxe4 13. Qc1 Qb6 14. e3 Rfd8 15. Qc2 Rd3 16. Rfd1 Rad8 17. Bf1 R3d7 18. Rxd7 Rxd7 19. Rd1 Rxd1 20. Qxd1 Qd8 21. Qc2 Qa5 22. a4 Bb4 23. Bg2 Qd8 24. Bf1 Bg4 25. Be2 Bxe2 26. Qxe2 Qd3 27. Qxd3 exd3 28. Kf1 h5 29. f4 c5 30. Kf2 Kh7 31. e4 d2 32. Ke2 Kg8 33. h3 Kf8 34. g4 g6 35. Kd1 Ke8 36. Ke2 Kd7 37. Kd1 Kc6 38. Kc2 a6 39. Ba1 b5 40. axb5+ axb5 41. Bb2 bxc4 42. bxc4 Kb6 43. f5 Ka5 44. fxg6 fxg6 45. gxh5 gxh5 46. h4 Ka4 47. Ba1 Ka3 48. Bb2+ Ka2 49. Bd4 cxd4 50. c5 Bxc5 51. Kxd2 Kb3 0-1

[Event "Australian-ch 2018"]
[Site "Sydney"]
[Date "2018.01.08"]
[Round "7.12"]
[White "Yang, Ray"]
[Black "Reilly, Tim"]
[Result "1-0"]
[WhiteElo "2003"]
[BlackElo "2169"]
[PlyCount "40"]
[EventDate "2018.01.02"]
[EventType "tourn"]
[EventCountry "AUS"]
[TimeControl "40/5400+30:1800+30"]
[WhiteClock "1:30:30"]
[BlackClock "1:30:30"]

1. d4 d6 2. c4 f5 3. Nc3 Nf6 4. Nf3 g6 5. g3 Bg7 6. Bg2 O-O 7. O-O c6 8. b4 Qc7 9. Qb3 Kh8 10. Ba3 e5 11. dxe5 dxe5 12. e4 f4 13. b5 Re8 14. Rad1 Nh5 15. Bd6 Qf7 16. bxc6 Nxc6 17. Nd5 Rd8 18. Ng5 Qg8 19. Nc7 Nd4 20. Rxd4 exd4 1-0

[Event "Australian-ch 2018"]
[Site "Sydney"]
[Date "2018.01.08"]
[Round "7.13"]
[White "Asaka, Samuel"]
[Black "Winkelman, Albert"]
[Result "1-0"]
[WhiteElo "1959"]
[BlackElo "2017"]
[PlyCount "79"]
[EventDate "2018.01.02"]
[EventType "tourn"]
[EventCountry "AUS"]
[TimeControl "40/5400+30:1800+30"]
[WhiteClock "1:30:30"]
[BlackClock "1:30:30"]

1. d4 Nf6 2. c4 e6 3. g3 d5 4. Nf3 Be7 5. Bg2 O-O 6. O-O dxc4 7. Qc2 a6 8. a4 Bd7 9. Qxc4 Bc6 10. Bf4 a5 11. Nc3 Na6 12. Rac1 Bd6 13. Bg5 h6 14. Bxf6 Qxf6 15. e4 e5 16. Nd5 Qe6 17. b3 Rad8 18. Ne3 Qxc4 19. Nxc4 Bxe4 20. Nxd6 Rxd6 21. dxe5 Rd3 22. Ne1 Rd4 23. Nc2 Bxc2 24. Rxc2 b6 25. Rc6 Rfd8 26. Rb1 Rd1+ 27. Rxd1 Rxd1+ 28. Bf1 Nc5 29. Rxc7 Nxb3 30. Kg2 Nc5 31. Bc4 Ne6 32. Rc6 Rd4 33. Bb5 Nc5 34. Rxb6 Nxa4 35. Ra6 Nc3 36. Rxa5 Nxb5 37. Rxb5 g5 38. h3 Kg7 39. Kf3 Kg6 40. Rb6+ {[%emt 0:00:30] loss on time} 1-0

[Event "Australian-ch 2018"]
[Site "Sydney"]
[Date "2018.01.08"]
[Round "7.14"]
[White "O'Connell, Kevin J"]
[Black "Loh, Zachary"]
[Result "1/2-1/2"]
[WhiteElo "2328"]
[BlackElo "2193"]
[PlyCount "97"]
[EventDate "2018.01.02"]
[EventType "tourn"]
[EventCountry "AUS"]
[TimeControl "40/5400+30:1800+30"]
[WhiteClock "1:30:30"]
[BlackClock "1:30:30"]

1. e4 c5 2. Nf3 d6 3. d4 cxd4 4. Nxd4 Nf6 5. Nc3 a6 6. Bg5 Nbd7 7. Bc4 e6 8. Bb3 Qc7 9. Qe2 b5 10. a3 Be7 11. Bxe6 fxe6 12. Nxe6 Qc4 13. Qxc4 bxc4 14. Nc7+ Kd8 15. Ne6+ Ke8 16. Nc7+ Kd8 17. Nxa8 Bb7 18. O-O-O Bxa8 19. Rd4 Rf8 20. Rxc4 h6 21. Bh4 g5 22. Bg3 Ng4 23. f3 Nge5 24. Ra4 Bb7 25. Nd5 Bxd5 26. exd5 Nc5 27. Rb4 Rf5 28. Kb1 a5 29. Rb8+ Kc7 30. Rh8 Bf6 31. Bxe5 Bxe5 32. Rxh6 Na4 33. c3 Bf4 34. Rd1 Be5 35. Kc2 Rf7 36. h3 Kb6 37. c4 Rf4 38. b3 Nc5 39. Re1 Kb7 40. Rh7+ Kb6 41. Re7 a4 42. bxa4 Rxc4+ 43. Kd1 Bg3 44. R1e2 Nxa4 45. Rc2 Rd4+ 46. Rd2 Rc4 47. Rc2 Rd4+ 48. Rd2 Rc4 49. Rc2 1/2-1/2

[Event "Australian-ch 2018"]
[Site "Sydney"]
[Date "2018.01.08"]
[Round "7.15"]
[White "Hardegen, Andrew"]
[Black "Willathgamuwa, Kevin"]
[Result "1/2-1/2"]
[WhiteElo "1999"]
[BlackElo "2113"]
[PlyCount "50"]
[EventDate "2018.01.02"]
[EventType "tourn"]
[EventCountry "AUS"]
[TimeControl "40/5400+30:1800+30"]
[WhiteClock "1:30:30"]
[BlackClock "1:30:30"]

1. d4 d5 2. c4 c6 3. Nf3 Nf6 4. Nc3 e6 5. e3 Be7 6. Qc2 O-O 7. Bd3 Nbd7 8. O-O b6 9. e4 dxe4 10. Nxe4 Bb7 11. Bf4 Nxe4 12. Bxe4 Nf6 13. Be5 Nxe4 14. Qxe4 Bf6 15. Rfd1 Rc8 16. c5 Qd5 17. Qxd5 exd5 18. Bxf6 gxf6 19. Re1 Rfe8 20. Rxe8+ Rxe8 21. Re1 Re6 22. b4 Ba6 23. a4 b5 24. a5 Bc8 25. h3 Kg7 1/2-1/2